 Dungeon Crawl Stone Soup version 0.16.1-14-g82efdee (webtiles) character file.

378 Siriah the Sneak (level 6, 0/51 HPs)
             Began as a Naga Enchanter on Apr 14, 2015.
             Was a Follower of Dithmenos.
             Slain by Duvessa
             ... wielding a +2 short sword of holy wrath
              (12 damage)
             ... on level 4 of the Dungeon.
             The game lasted 00:14:42 (3803 turns).

Siriah the Sneak (Naga Enchanter)                   Turns: 3803, Time: 00:14:42

Health: 0/51       AC:  4    Str: 11    XL:     6   Next: 74%
Magic:  4/13       EV: 10    Int: 22    God:    Dithmenos [*.....]
Gold:   191        SH:  0    Dex: 11    Spells: 4 memorised, 3 levels left

rFire  + . .     SeeInvis +     v - +4 rapier (venom)
rCold  + + .     Clarity  .     h - +0 robe {rC+}
rNeg   + . .     SustAb   .     (no shield)
rPois  +         Gourm    .     (no helmet)
rElec  +         Spirit   .     (no cloak)
rCorr  +         Warding  .     o - +0 pair of gloves
rMut   .         Stasis   .     (no barding)
MR     .....                    (no amulet)
Stlth  ++++......               (no ring)
                                m - ring of positive energy

@: brilliant, lethally poisoned (0 -> -1), resistant, very slightly
contaminated, wreathed by umbra, invisible, very slow, not resistant to hostile
enchantments, stealthy
A: spit poison, see invisible, deformed body, poison resistance, slowness 2, AC
+2
a: Spit Poison, Renounce Religion


You were on level 4 of the Dungeon.
You worshipped Dithmenos.
Dithmenos was aware of your devotion.
You were not hungry.

You visited 1 branch of the dungeon, and saw 4 of its levels.

You collected 191 gold pieces.

Inventory:

Hand weapons
 v - a +4 rapier of venom (weapon)
Missiles
 u - a tomahawk (quivered)
Armour
 b - a +1 robe
 h - a +0 robe of cold resistance (worn)
 o - a +0 pair of gloves (worn)
Jewellery
 m - a ring of positive energy (left hand)
Scrolls
 i - 4 scrolls of identify
 p - a scroll of remove curse
Potions
 e - 2 potions of brilliance
Books
 c - a book of Maledictions

   Spells                             Type                      Level
   a - Corona                         Hexes                        1
   b - Sure Blade                     Hexes/Charms                 2
   c - Ensorcelled Hibernation        Hexes/Ice                    2
   d - Confuse                        Hexes                        3
   e - Dazzling Spray                 Conjuration/Hexes            3
   f - Enslavement                    Hexes                        4
Comestibles
 d - 4 bread rations
 f - 2 fruits
 g - 3 meat rations


   Skills:
 + Level 1.6 Fighting
 + Level 1.5 Short Blades
 + Level 2.9 Dodging
 + Level 5.8 Stealth
 + Level 3.3 Spellcasting
 + Level 4.5 Hexes
 + Level 0.2 Charms
 + Level 1.0 Ice Magic


You had 3 spell levels left.
You knew the following spells:

 Your Spells              Type           Power        Failure   Level  Hunger
a - Corona                Hex            #####..      1%          1    None
b - Ensorcelled Hibernat  Hex/Ice        ####..       1%          2    ##.....
c - Sure Blade            Hex/Chrm       ####......   1%          2    ##.....
d - Confuse               Hex            #####...     1%          3    ###....


Dungeon Overview and Level Annotations

Branches:
Dungeon (4/15)
 Temple: D:4-7

Altars:
Dithmenos
Nemelex Xobeh
Vehumet

Annotations:
D:4 Duvessa; M4edhros' ghost, average OpAr


Innate Abilities, Weirdness & Mutations

You cannot wear boots.
You can spit poison.
Your serpentine skin is tough (AC +2).
You have supernaturally acute eyesight.
Armour fits poorly on your strangely shaped body.
Your system is resistant to poisons.
You cover ground very slowly.


Message History

Drop what? 16/52 slots (_ for help) (? for menu, Esc to quit)
Okay, then.
Drop what? 16/52 slots (_ for help) (? for menu, Esc to quit)
You drop a wand of random effects.
You feel sick.
Duvessa goes berserk!
Duvessa rages.
Drink which item? (? for menu, Esc to quit)
You fade into invisibility!
You feel sick.
You are very lightly contaminated with residual magic.
All of the chunks of flesh in your inventory have rotted away.
Duvessa rages.
Duvessa hits you with a short sword of holy wrath.
* * * LOW HITPOINT WARNING * * *
Duvessa hits you but does no damage. Duvessa misses you.
You feel sick.
Duvessa hits you with a short sword of holy wrath!
You die...

. .......# .............#
.............# .............#
####...#.........#
...#.............# .
...+.............# ..W
...#.............##......
...'...........e@<.......
...########.###....##...#
.........##.# #....##...
.........##/# #........# . .
..........#.###........# .....
>......................+ ......
..........#.######.....# ......#
..........#'##...#.....# #.....#
.......................###.....#


You could see Duvessa (berserk) and M4edhros' ghost (wandering).

Vanquished Creatures
  A giant frog (D:3)
  The ghost of gabygaby the Firebug, an average GrFE (D:3)
  Dowan (D:4)
  An orc priest (D:3)
  An orc wizard (D:3)
  A worker ant (D:4)
  8 adders
  2 giant mites
  A shadow imp (D:3)
  2 worms
  A giant gecko (D:1)
  An ooze (D:2)
  17 orcs (D:3)
  9 bats
  2 giant cockroaches
  12 hobgoblins
  2 jackals (D:3)
  2 ball pythons
  7 giant newts
  14 goblins
  8 kobolds
  6 rats
100 creatures vanquished.

Notes
Turn   | Place    | Note
--------------------------------------------------------------
     0 | D:1      | Siriah, the Naga Enchanter, began the quest for the Orb.
     0 | D:1      | Reached XP level 1. HP: 15/15 MP: 3/3
   221 | D:1      | Reached XP level 2. HP: 16/22 MP: 2/4
   364 | D:1      | Learned a level 2 spell: Ensorcelled Hibernation
   893 | D:1      | Reached XP level 3. HP: 19/28 MP: 4/6
  1425 | D:2      | Reached XP level 4. HP: 23/36 MP: 5/8
  1751 | D:2      | Found a sparkling altar of Nemelex Xobeh.
  1951 | D:2      | Reached skill level 5 in Stealth
  2311 | D:3      | Found a shadowy altar of Dithmenos.
  2321 | D:3      | Became a worshipper of Dithmenos the Shadowed
  2337 | D:3      | Reached XP level 5. HP: 13/43 MP: 1/10
  2539 | D:3      | Reached skill level 1 in Fighting
  2636 | D:3      | Noticed gabygaby's ghost (average GrFE)
  2660 | D:3      | Learned a level 2 spell: Sure Blade
  2664 | D:3      | Learned a level 3 spell: Confuse
  3229 | D:3      | Killed gabygaby's ghost
  3229 | D:3      | Reached skill level 1 in Ice Magic
  3229 | D:3      | Reached XP level 6. HP: 37/51 MP: 8/13
  3554 | D:4      | Found a radiant altar of Vehumet.
  3609 | D:4      | Noticed M4edhros' ghost (average OpAr)
  3745 | D:4      | Noticed Duvessa
  3745 | D:4      | Noticed Dowan
  3781 | D:4      | Killed Dowan
  3803 | D:4      | Slain by Duvessa

Action                   |  1- 3 |  4- 6 || total
-------------------------+-------+-------++-------
Melee: Dagger            |   107 |   163 ||   270
       Rapier            |       |    60 ||    60
Throw: Tomahawk          |       |     5 ||     5
 Cast: Corona            |    27 |    14 ||    41
       Ensorcelled Hiber |     2 |    33 ||    35
       Sure Blade        |       |     2 ||     2
       Confuse           |       |     1 ||     1
  Use: Scroll            |       |    10 ||    10
       Potion            |       |     6 ||     6
 Stab: Sleeping          |     6 |    26 ||    32
       Confused          |       |     1 ||     1
  Eat: Chunk             |     2 |    10 ||    12
